 Dungeon Crawl Stone Soup version 0.31.0-9-g3a7656b989 (webtiles) character file.

Game seed: 16803211120049965943

444 GordonOverkill the Chopper (level 6, -6/43 HPs)
             Began as a Demigod Gladiator on Jan 26, 2024.
             Mangled by a steam dragon (13 damage)
             ... on level 4 of the Dungeon.
             The game lasted 00:05:35 (3303 turns).

GordonOverkill the Chopper (Demigod Gladiator)      Turns: 3303, Time: 00:05:36

Health: -6/43      AC: 12    Str: 23    XL:     6   Next: 43%
Magic:  8/8        EV:  2    Int: 14    God:
Gold:   232        SH:  0    Dex: 15    Spells: 5/5 levels left

rFire   + . .        a - +0 war axe
rCold   + . .        r - orb {*Rage}
rNeg    . . .        w - +5 ring mail of the Harvest {rCorr Int+4}
rPois   +            c - +0 helmet
rElec   +            (no cloak)
rCorr   +            (no gloves)
SInv    .            (no boots)
Will    .....        (no amulet)
Stlth   +            (no ring)
HPRegen 0.27/turn    (no ring)
MPRegen 0.11/turn

%: random rage (20%)
@: mighty, brilliant, about to teleport, resistant, sleeping, on berserk
cooldown, slowed
A: high MP 1, forlorn, divine attributes, frail 1, shaggy fur 1, electricity
resistance
a: no special abilities


You were on level 4 of the Dungeon.
You visited 1 branch of the dungeon, and saw 4 of its levels.

You collected 232 gold pieces.

Inventory:

Hand Weapons
 a - a +0 war axe (weapon)
 n - a +2 great mace of protection
Missiles
 b - 11 poisoned darts (quivered)
 d - 3 throwing nets
 e - a javelin
Armour
 c - a +0 helmet (worn)
 r - an orb of wrath (worn)
 w - the +5 ring mail of the Harvest (worn) {rCorr Int+4}
   (You found it on level 2 of the Dungeon)

   Int+4:     It affects your intelligence (+4).
   rCorr:     It protects you from acid and corrosion.
Jewellery
 k - a +6 ring of dexterity
 m - a ring of resist corrosion
Scrolls
 g - a scroll of noise
 h - a scroll of immolation
 v - a scroll of teleportation
Potions
 f - a potion of lignification {unknown}
 i - 4 potions of attraction
 l - 2 potions of mutation
 p - 3 potions of curing
 x - a potion of berserk rage


   Skills:
 - Level 1.7 Fighting
 + Level 7.0 Axes
 - Level 1.7 Throwing
 - Level 2.6 Dodging


You had 5 spell levels left.
You didn't know any spells.
Your spell library contained the following spells:

 Spells                   Type           Power      Damage    Failure   Level
 Call Canine Familiar     Summ           0%         N/A       80%         3
 Sigil of Binding         Hex            0%         N/A       80%         3
 Dimensional Bullseye     Hex/Tloc       0%         N/A       99%         4


Dungeon Overview and Level Annotations

Branches:
Dungeon (4/15)
 Temple: D:4-7


Innate Abilities, Weirdness & Mutations

You have an increased reservoir of magic. (+10% MP)
You shall have no god before yourself.
Your divine heritage dramatically boosts your attributes as you level up.
You are frail. (-10% HP)
You are covered in fur. (AC +1)
You are resistant to electric shocks. (rElec)


Message History

You feel much better. The steam dragon breathes steam at you.
The ball of steam hits you!
* * * LOW HITPOINT WARNING * * *
The sleepcap releases spores at you.
* * * LOW HITPOINT WARNING * * *
You are engulfed in a cloud of soporific spores!
You are unaffected.
The steam dragon bites you.
* * * LOW HITPOINT WARNING * * *
The steam dragon closely misses you.
The sleepcap releases spores at you but does no damage.
It was a potion of berserk rage.
You're still recovering from your berserk rage.
The steam dragon closely misses you.
The steam dragon claws you but does no damage.
The sleepcap is engulfed in a cloud of scalding steam.
The sleepcap releases spores at you but does no damage.
Unknown command.
It was a potion of resistance.
You feel protected. The steam dragon bites you.
* * * LOW HITPOINT WARNING * * *
The steam dragon completely misses you.
The sleepcap releases spores at you but does no damage. x2
The steam dragon barely misses you. x2
As you read the scroll of teleportation, it crumbles to dust.
You feel strangely unstable.
The steam dragon bites you but does no damage.
The steam dragon claws you but does no damage.
The sleepcap releases spores at you but does no damage.
The steam dragon breathes steam at you. The ball of steam hits you. You resist.
* * * LOW HITPOINT WARNING * * *
The sleepcap attacks as it pursues you! The sleepcap barely misses you.
The sleepcap releases spores at you.
* * * LOW HITPOINT WARNING * * *
You are engulfed in a cloud of soporific spores!
You fall asleep.
The steam dragon bites you!
You die...

*,,,,,.......,,*#...........#..
*,,,,,.......,,**..............
**,,,,,.......#####.............
*,,,,,,.........##.............)
*,,,,,,........§##.............)
*,,,,,,.##.....§................
*,,,,,,.......§.§.......##......
*,,,,,,.......§.§........#....<.
*****,,.......#@.........#......
*,,,,.......#fD........######.
*,,,,.......#S............# #.
*,,,,.....................# #.
*,,,,.....................# #.
*,,,,#....................###.
*,,,,#........................
*,,,,,,,..[......###..........
**,,,,,..........# #..........


You could see a steam dragon (catching breath), a sleepcap and an adder.

Vanquished Creatures
  Sigmund (D:3)
  A jelly (D:4)
  An orc priest (D:3)
  2 iguanas (D:4)
  A sleepcap (D:3)
  An orc wizard (D:3)
  3 adders
  2 dart slugs
  7 orcs
  7 ball pythons
  3 endoplasms
  5 giant cockroaches
  10 goblins
  5 hobgoblins
  4 jackals (D:3)
  11 kobolds
  5 quokkas
  8 bats
  2 frilled lizards
  6 rats
85 creatures vanquished.

Vanquished Creatures (others)
  A quokka (D:4)
1 creature vanquished.

Grand Total: 86 creatures vanquished

Notes
Turn   | Place    | Note
-------+----------+-------------------------------------------
     0 | D:1      | GordonOverkill the Demigod Gladiator began the quest for
                  | the Orb.
     0 | D:1      | Reached XP level 1. HP: 17/17 MP: 3/3
   123 | D:1      | Reached skill level 3 in Axes
   177 | D:1      | Reached XP level 2. HP: 24/24 MP: 4/4
   939 | D:2      | Reached XP level 3. HP: 29/29 MP: 5/5
   962 | D:2      | Reached skill level 4 in Axes
  1589 | D:2      | Identified the +5 ring mail of the Harvest {rCorr Int+4}
  1967 | D:3      | Reached XP level 4. HP: 31/36 MP: 6/6
  2020 | D:3      | Reached skill level 5 in Axes
  2348 | D:3      | Noticed Sigmund
  2374 | D:3      | Killed Sigmund
  2375 | D:3      | Reached skill level 6 in Axes
  2375 | D:3      | Reached XP level 5. HP: 41/41 MP: 7/7
  2451 | D:3      | Reached XP level 6. HP: 48/48 MP: 8/8
  3220 | D:4      | Reached skill level 7 in Axes
  3285 | D:4      | Noticed a steam dragon
  3294 | D:4      | Gained mutation: You are resistant to electric shocks.
                  | (rElec) [potion of mutation]
  3294 | D:4      | Gained mutation: You are covered in fur. (AC +1) [potion of
                  | mutation]
  3294 | D:4      | Gained mutation: You are frail. (-10% HP) [potion of
                  | mutation]
  3296 | D:4      | HP: 2/43 [steam dragon (23)]
  3303 | D:4      | Mangled by a steam dragon

Illustrated notes

Levels and vault maps discovered:
D:1:      dpeg_arrival_subterranean_lakeside_camping, layout_loops_ring,
          nicolae_the_louvre
D:2:      layout_loops_ring
D:3:      layout_basic, nicolae_vehumet_radiance, uniq_sigmund
D:4:      layout_basic, gammafunk_ghost_necromancy, serial_bayou_crossing

Skill      XL: |  1  2  3  4  5  6 |
---------------+-------------------+-----
Axes           | 3 4 6 7 |  7.0
Fighting       | |  1.7
Throwing       | |  1.7
Dodging        | |  2.6

Action                     |  1- 3 |  4- 6 || total
---------------------------+-------+-------++-------
  Melee: War axe           |    26 |    75 ||   101
         Great mace        |   116 |    27 ||   143
    Use: Scroll            |       |     9 ||     9
         Potion            |       |     9 ||     9
   Stab: Sleeping          |     1 |       ||     1
 Armour: Leather armour    |    16 |       ||    16
         Chain mail        |    87 |       ||    87
         Ring mail         |    49 |    87 ||   136
  Dodge: Dodged            |   115 |    71 ||   186
